 Dungeon Crawl Stone Soup version 0.16-a0-4083-g5af668b (webtiles) character file.

1082 timbw the Cleaver (level 8, -1/63 HPs)
             Began as a Centaur Fighter on Feb 22, 2015.
             Slain by a wight
             ... wielding a +0 battleaxe of electrocution
              (19 damage)
             ... on level 5 of the Dungeon.
             The game lasted 00:11:30 (2640 turns).

timbw the Cleaver (Centaur Fighter)                 Turns: 2640, Time: 00:11:30

Health: -1/63      AC: 10    Str: 21    XL:     8   Next: 8%
Magic:  6/6        EV:  1    Int:  7    God:
Gold:   108        SH:  8    Dex:  9    Spells: 0 memorised, 7 levels left

rFire  . . .     SeeInvis .     h - -3 war axe (curse)
rCold  . . .     Clarity  .     r - +0 plate armour
rNeg   . . .     SustAb   .     c - +0 shield
rPois  .         Gourm    .     v - +1 helmet
rElec  .         Spirit   .     (no cloak)
rCorr  .         Warding  .     (no gloves)
rMut   .         Stasis   .     (no barding)
MR     .....                    (no amulet)
Stlth  ..........               (no ring)
                                (no ring)

@: drained, very quick, not resistant to hostile enchantments, extremely
unstealthy
A: hooves 3, deformed body, speed 2, tough skin 3
a: no special abilities


You were on level 5 of the Dungeon.
You were not hungry.

You visited 1 branch of the dungeon, and saw 6 of its levels.
You also visited: Sewer.

You collected 108 gold pieces.

Inventory:

Hand weapons
 a - a +1 war axe
 h - a cursed -3 war axe (weapon)
Armour
 b - a +0 scale mail
 c - a +0 shield (worn)
 f - a +0 chain mail
 r - a +0 plate armour (worn)
 t - a +0 large shield
 v - a +1 helmet (worn)
Scrolls
 k - 2 scrolls of identify
 o - 3 scrolls of teleportation
 s - 2 scrolls of random uselessness
 u - a scroll of magic mapping
Potions
 e - a potion of lignification
 g - 3 potions of curing
 i - a potion of brilliance
 l - a potion of haste
 n - 4 potions of flight
Comestibles
 d - 3 bread rations
 j - 4 fruits
 m - 2 meat rations


   Skills:
 - Level 3.0(2.1) Fighting
 + Level 8.9(7.9) Axes
 - Level 2.1(1.4) Armour
 - Level 2.1(1.4) Shields


You had 7 spell levels left.
You didn't know any spells.

Dungeon Overview and Level Annotations

Branches:
Dungeon (6/15)
 Temple: D:4-7

Altars:
Fedhas
Xom

Shops:
D:5 [!


Innate Abilities, Weirdness & Mutations

You have hooves in place of feet.
Armour fits poorly on your strangely shaped body.
You cover ground very quickly.
You have extremely tough skin (AC +3).


Message History

Okay, then.
You start resting.
You closely miss the wight.
The wight is lightly damaged.
You block the wight's attack.
You hit the wight. You kick the wight, but do no damage.
The wight is moderately damaged.
You block the wight's attack.
You hit the wight but do no damage.
The wight is moderately damaged.
You slash the wight! You kick the wight.
The wight is almost destroyed.
The wight hits you with a battleaxe of electrocution!
You feel drained.
You barely miss the wight.
The wight is almost destroyed.
The wight hits you with a battleaxe of electrocution.
* * * LOW HITPOINT WARNING * * *
You feel drained.
You are electrocuted!
You die...

#............#.#.......#.#
##.####.#.#......##.##.#.##
#........#..#.#.##.##.....
######..........#.##.####.##
#.............(...##.####.#
#.####......).....##......#
#.# ##......).....#########
######.###.............#
........##.####z@......#
.#.####.##.####........#
.#.####.......#........#
....(##.......#####.####
##.#.##.......#####.####
..............##.......#
#..........>..##.##.##.#
#..#[##.......## #..# #
.....##.......##.#.##


You could see a wight.

Vanquished Creatures
  Menkaure (D:4)
  An ice beast (D:6)
  An ogre (D:4)
  3 crimson imps
  6 wights (D:6)
  A jelly (D:5)
  3 hounds
  A merfolk avatar (Sewer)
  A siren (Sewer)
  5 worker ants
  A hound skeleton (D:5)
  A worker ant zombie (D:6)
  2 adders
  3 gnolls (D:5)
  3 river rats
  A giant mite (Sewer)
  2 adder skeletons (D:4)
  6 giant geckos
  8 orcs
  3 bats
  3 giant cockroaches
  4 goblins
  3 hobgoblins
  2 kobolds
  4 quokkas
  7 ball pythons
  5 giant newts (Sewer)
  29 rats
110 creatures vanquished.

Vanquished Creatures (others)
  5 drowned souls (Sewer)
5 creatures vanquished.

Grand Total: 115 creatures vanquished

Notes
Turn   | Place    | Note
--------------------------------------------------------------
     0 | D:1      | timbw, the Centaur Fighter, began the quest for the Orb.
     0 | D:1      | Reached XP level 1. HP: 19/19 MP: 1/1
    76 | D:1      | Reached XP level 2. HP: 20/26 MP: 2/2
   440 | D:4      | Reached XP level 3. HP: 17/31 MP: 3/3
   475 | D:4      | HP: 1/31 [poisoned by a worker ant]
   705 | D:4      | Noticed Menkaure
   717 | D:4      | Killed Menkaure
   717 | D:4      | Reached skill level 5 in Axes
   717 | D:4      | Reached XP level 4. HP: 17/38 MP: 3/3
   717 | D:4      | Reached XP level 5. HP: 19/45 MP: 4/4
   852 | D:4      | Noticed an ogre
   873 | D:4      | Found a glowing drain.
   906 | D:4      | Killed an ogre
   906 | D:4      | Reached XP level 6. HP: 34/51 MP: 5/5
   969 | Sewer    | Entered a sewer
  1002 | Sewer    | Reached skill level 6 in Axes
  1189 | Sewer    | Noticed a drowned soul
  1189 | Sewer    | Noticed a drowned soul
  1192 | Sewer    | Noticed a drowned soul
  1192 | Sewer    | Noticed a drowned soul
  1192 | Sewer    | Killed a drowned soul
  1193 | Sewer    | Noticed a drowned soul
  1197 | Sewer    | Noticed a drowned soul
  1199 | Sewer    | Noticed a drowned soul
  1201 | Sewer    | Killed a drowned soul
  1202 | Sewer    | Noticed a drowned soul
  1202 | Sewer    | Killed a drowned soul
  1204 | Sewer    | Noticed a drowned soul
  1204 | Sewer    | Noticed a drowned soul
  1204 | Sewer    | Noticed a drowned soul
  1206 | Sewer    | Noticed a drowned soul
  1206 | Sewer    | Killed a drowned soul
  1206 | Sewer    | Killed a drowned soul
  1331 | D:4      | Found a shimmering altar of Xom.
  1380 | D:5      | Entered Level 5 of the Dungeon
  1386 | D:5      | Found Couwk's Armour Boutique.
  1478 | D:5      | Reached skill level 7 in Axes
  1478 | D:5      | Reached XP level 7. HP: 51/57 MP: 5/5
  1592 | D:5      | Found Feops' Distillery.
  2006 | D:6      | Reached skill level 8 in Axes
  2023 | D:6      | Found a blossoming altar of Fedhas.
  2319 | D:6      | Reached XP level 8. HP: 35/63 MP: 6/6
  2640 | D:5      | Slain by a wight

Action                   |  1- 3 |  4- 6 |  7- 9 || total
-------------------------+-------+-------+-------++-------
Melee: War axe           |    45 |   174 |   198 ||   417
Throw: Tomahawk          |       |       |     1 ||     1
  Use: Potion            |     4 |     1 |       ||     5
       Scroll            |       |     7 |     1 ||     8
  Eat: Chunk             |       |     3 |     2 ||     5
       Bread ration      |       |       |     1 ||     1
